 Dungeon Crawl Stone Soup version 0.29-a0-340-g6efceafd81 (webtiles) character file.

Game seed: 15721455844559671718

3584 Hubjo the Covert (level 9, 0/57 HPs)
             Began as a Deep Elf Fire Elementalist on Apr 17, 2022.
             Was a Believer of Ashenzari.
             Succumbed to a hornet's poison
             ... on level 8 of the Dungeon on Apr 19, 2022.
             The game lasted 00:47:01 (17111 turns).

Hubjo the Covert (Deep Elf Fire Elementalist)      Turns: 17111, Time: 00:47:01

Health: 0/57       AC: 11    Str: 13    XL:     9   Next: 85%
Magic:  8/24       EV: 13    Int: 19    God:    Ashenzari [**....]
Gold:   466        SH:  0    Dex: 17    Spells: 14/26 levels left

rFire   . . .      SeeInvis +   p - +2 dagger (freeze)
rCold   . . .      Faith    .   r - orb of the Lashed Sophism {*Rage, Self, Bglg} (curse)
rNeg    + . .      Spirit   +   w - +1 steam dragon scales
rPois   .          Reflect  .   f - +1 hat "Aschann" {+Blink rN+ Str+8 Int-2}
rElec   .          Harm     .   (no cloak)
rCorr   .          Rampage  .   (no gloves)
Will    .....      Rage     20% (no boots)
Stlth   +++++.....              B - amulet of Star-Bound Wisdom {Spirit, Melee, Evo} (curse)
HPRegen 0.19/turn               e - ring of the Unyielding Gaze {AC+4, Bglg, Fort} (curse)
MPRegen 0.19/turn               (no ring)

@: lethally poisoned (0 -> -11), slowed, very slow
A: dopey 1, MP-powered wands
a: Renounce Religion, Evoke Blink, Shatter the Chains


You were on level 8 of the Dungeon.
You worshipped Ashenzari.
Ashenzari was pleased with you.
You visited 2 branches of the dungeon, and saw 10 of its levels.

You collected 466 gold pieces.

Inventory:

Hand Weapons
 b - a +1 vorpal scimitar
 c - a +0 short sword
 p - a +2 dagger of freezing (weapon)
 q - a +2 halberd of flaming
Missiles
 l - 6 javelins
 m - a throwing net
 x - 5 curare-tipped darts (quivered)
Armour
 a - a +0 robe
 f - the +1 hat "Aschann" (worn) {+Blink rN+ Str+8 Int-2}
   (You acquired it on level 8 of the Dungeon)

   Str:       It affects your strength (+8).
   Int:       It affects your intelligence (-2).
   rN:        It protects you from negative energy.
   +Blink:    It lets you blink.
 r - the cursed orb of the Lashed Sophism (worn) {*Rage, Self, Bglg}
   (You found it on level 7 of the Dungeon)

   It has a curse which improves the following skills: Introspection: Fighting
   and Spellcasting.
   Beguiling: Conjurations, Hexes and Translocations.
 w - +1 steam dragon scales (worn)
 E - an orb of light
Jewellery
 e - the cursed ring of the Unyielding Gaze (left hand) {AC+4, Bglg, Fort}
   (You found it on level 1 of the Dungeon)

   [ring of protection]

   AC:        It affects your AC (+4).
   It has a curse which improves the following skills: Beguiling: Conjurations,
   Hexes and Translocations.
   Fortitude: Armour and Shields.
 t - an amulet of faith
 B - the cursed amulet of Star-Bound Wisdom (around neck) {Spirit, Melee, Evo}
   (You found it on level 7 of the Dungeon)

   [amulet of guardian spirit]

   It causes incoming damage to be divided between your reserves of health and
   magic.
   It has a curse which improves the following skills: Melee Combat: Short
   Blades, Long Blades, Axes, Maces & Flails, Polearms, Staves and Unarmed
   Combat.
   Evocations: Evocations.
Wands
 j - a wand of flame (36)
 u - a wand of mindburst (32)
 v - a wand of polymorph (2)
 C - a wand of iceblast (7)
Scrolls
 d - a scroll of amnesia
 i - 2 scrolls of teleportation
 k - a scroll of vulnerability
 n - 2 scrolls of immolation
 s - a scroll of holy word
 y - a scroll of fear
 D - a scroll of fog
Potions
 z - 2 potions of attraction
 A - 3 potions of degeneration


   Skills:
 + Level 5.8(7.1) Fighting
 - Level 2.4 Dodging
 + Level 10.2 Stealth
 + Level 8.0(9.3) Spellcasting
 - Level 5.3(7.2) Conjurations
 * Level 4.3 Summonings
 - Level 5.5 Fire Magic


You had 14 spell levels left.
You knew the following spells:

 Your Spells              Type           Power      Damage    Failure   Level
a - Foxfire               Conj/Fire      100%       2x1d9     1%          1
b - Flame Wave            Conj/Fire      33%        2d8       6%          4
c - Summon Hydra          Summ           12%        N/A       100%        7

Your spell library contained the following spells:

 Spells                   Type           Power      Damage    Failure   Level
 Scorch                   Fire           60%        2d8       1%          2
 Conjure Flame            Conj/Fire      33%        6-21      1%          3
 Inner Flame              Hex/Fire       19%        N/A       8%          3
 Sublimation of Blood     Necr           8%         N/A       12%         2
 Wereblood                Tmut           8%         N/A       12%         2


Dungeon Overview and Level Annotations

Branches:
Dungeon (9/15)             Temple (1/1) D:6
   Lair: D:8-11         Orc: D:9-12

Altars:
Ashenzari
Cheibriados
Dithmenos
Fedhas
Gozag
Hepliaklqana
Kikubaaqudgha
Makhleb
Okawaru
Qazlal
Ru
Sif Muna
Trog
Uskayaw
Vehumet
Wu Jian
Xom
Yredelemnul
The Shining One

Shops:
D:1 [   D:5 [*:**

Annotations:
D:3 Crazy Yiuf


Innate Abilities, Weirdness & Mutations

You are dopey. (Int -2)
You expend magic power (3 MP) to strengthen your wands.


Message History

A wave of flame ripples out!
The flame wave engulfs the bullfrog!
The bullfrog is heavily wounded.
The flame wave engulfs the hornet!
The hornet is heavily wounded.
You feel very sick. The hornet barely misses you.
The bullfrog barely misses you. The hornet barely misses you.
The bullfrog hits you.
A wave of flame ripples out!
The flame wave engulfs the bullfrog!
The bullfrog is almost dead.
The flame wave engulfs the hornet.
The hornet is heavily wounded.
You finish channelling waves of flame.
You feel sick. The hornet stings you.
You are more poisoned.
You suddenly lose the ability to move!
The bullfrog hits you but does no damage.
The hornet stings you.
You are more poisoned.
You shrug off the repeated paralysis!
The bullfrog hits you but does no damage.
The hornet stings you!
You feel as though you will be slow longer.
You feel very sick. The bullfrog barely misses you. The hornet stings you!
* * * LOW HITPOINT WARNING * * *
You feel as though you will be slow longer.
The bullfrog hits you but does no damage.
You can move again.
Blink to where?
Press: ? - help, Dir - move target
As you read the scroll of blinking, it crumbles to dust.
* * * LOW HITPOINT WARNING * * *
You feel very sick.
As you read the scroll of teleportation, it crumbles to dust.
You feel strangely unstable.
* * * LOW HITPOINT WARNING * * *
You feel very sick.
There is a lethal amount of poison in your body!
You fail to use your ability.
Your surroundings suddenly seem different.
You die...

###..# ##.#.##
##.....## # ###..#
####.### ##...## #
##...# #......# ##'## #
##..## #.##.#.# #.# #
##.y# #.##.#.#
#.####### ##y.#
#.##.#.########.#......
....#
#.##........##....#####
##.##
#.####.##.........#
##.# #.# #@##.#.##....#
yy.#
#.####.##.#.##..#.#
####
#......##.#.##.##.#
#########.........#
###########


There were no monsters in sight!

Vanquished Creatures
  A two-headed ogre (D:7)
  Maggie (D:8)
  A wyvern (D:9)
  A water moccasin (D:6)
  2 orc warriors (D:8)
  A black bear (D:5)
  2 ice beasts (D:6)
  A centaur (D:7)
  4 kobold brigands
  A phantom (D:7)
  5 bullfrogs
  3 scorpions
  4 wights (D:8)
  3 killer bees (D:8)
  2 howler monkeys
  A hound (D:5)
  An orc priest (D:6)
  2 gnoll shamans
  A jelly (D:5)
  Terence (D:2)
  3 iguanas
  Natasha (thrice) (D:3)
  An orc wizard (D:5)
  16 gnolls
  2 adders
  A shadow imp (D:6)
  2 worms
  2 dart slugs
  10 orcs
  3 bats
  9 endoplasms
  2 giant cockroaches
  5 goblins
  10 hobgoblins
  2 jackals (D:3)
  3 quokkas
  7 ball pythons
  A frilled lizard (D:1)
  20 kobolds
  4 rats
144 creatures vanquished.

Vanquished Creatures (others)
  590 foxfires
590 creatures vanquished.

Grand Total: 734 creatures vanquished

Notes
Turn   | Place    | Note
-------+----------+-------------------------------------------
     0 | D:1      | Hubjo the Deep Elf Fire Elementalist began the quest for
                  | the Orb.
     0 | D:1      | Reached XP level 1. HP: 10/10 MP: 6/6
   249 | D:1      | Upgraded the game from 0.29-a0-338-g1ff7896281 to
                  | 0.29-a0-340-g6efceafd81
   363 | D:1      | Reached XP level 2. HP: 11/16 MP: 1/8
   636 | D:1      | Reached skill level 3 in Stealth
   846 | D:1      | Found Ysuschacw's Antique Armour Boutique.
  1270 | D:2      | You fall into a shaft and drop 2 floors!
  1327 | D:4      | Reached skill level 1 in Fighting
  1363 | D:4      | Reached XP level 3. HP: 20/20 MP: 2/9
  2042 | D:2      | Noticed Terence
  2050 | D:2      | Killed Terence
  2051 | D:2      | Reached XP level 4. HP: 25/25 MP: 1/11
  2725 | D:3      | Found an iron altar of Okawaru.
  2757 | D:3      | Noticed Natasha
  2763 | D:3      | Killed Natasha
  2764 | D:3      | Reached skill level 4 in Stealth
  3024 | D:3      | Noticed Natasha
  3029 | D:3      | Killed Natasha
  3030 | D:3      | Reached XP level 5. HP: 30/30 MP: 5/12
  3098 | D:3      | Noticed Natasha
  3102 | D:3      | Killed Natasha
  3377 | D:3      | Found a runed translucent door.
  3378 | D:3      | Noticed Crazy Yiuf
  4596 | D:5      | Entered Level 5 of the Dungeon
  5921 | D:5      | Found Idajabia's General Store.
  5932 | D:5      | Reached skill level 5 in Stealth
  5932 | D:5      | Reached XP level 6. HP: 36/36 MP: 10/14
  6343 | D:5      | Found Yfuuzar's General Store.
  6412 | D:5      | Found Xuowyc Atuo's Assorted Antiques.
  6418 | D:5      | Found Ustrunk's Book Boutique.
  6666 | D:5      | Found Onef's Armour Boutique.
  6857 | D:6      | Noticed Eustachio
  6977 | D:5      | Noticed Eustachio
  6977 | D:5      | Eustachio changed into Eustachio the scorpion
  7118 | D:5      | Killed Eustachio the scorpion
  7460 | D:5      | Reached XP level 7. HP: 31/41 MP: 12/16
  7541 | D:5      | Learned a level 4 spell: Flame Wave
  7673 | D:6      | HP: 2/41 [orc priest/divine providence (7)]
  9150 | D:6      | Reached skill level 6 in Stealth
  9436 | D:6      | Reached skill level 5 in Spellcasting
 10036 | D:6      | Found a staircase to the Ecumenical Temple.
 10502 | Temple   | Entered the Ecumenical Temple
 10508 | Temple   | Became a worshipper of Ashenzari the Shackled
 10885 | D:6      | Reached skill level 7 in Stealth
 10885 | D:6      | Reached skill level 5 in Fire Magic
 10885 | D:6      | Reached XP level 8. HP: 48/48 MP: 12/18
 13080 | D:7      | Reached skill level 8 in Stealth
 13831 | D:8      | HP: 2/49 [poisoned by a killer bee]
 13832 | D:8      | Found a sacrificial altar of Ru.
 13991 | D:8      | Gained mutation: You are dopey. (Int -2) [potion of
                  | mutation]
 13991 | D:8      | Gained mutation: You expend magic power (3 MP) to
                  | strengthen your wands. [potion of mutation]
 14281 | D:8      | Reached * piety under Ashenzari
 14281 | D:8      | Identified a scroll of acquirement
 14282 | D:8      | Acquired the +1 hat "Aschann" {+Blink rN+ Str+8 Int-2}
 14328 | D:8      | Noticed a two-headed ogre
 14846 | D:7      | Killed a two-headed ogre
 14847 | D:7      | Reached skill level 5 in Fighting
 14847 | D:7      | Reached skill level 9 in Stealth
 14847 | D:7      | Reached skill level 5 in Conjurations
 14847 | D:7      | Reached XP level 9. HP: 55/55 MP: 13/22
 15008 | D:7      | Learned a level 7 spell: Summon Hydra
 15151 | D:8      | Reached skill level 1 in Summonings
 15545 | D:8      | Noticed Maggie
 15556 | D:8      | Killed Maggie
 16129 | D:8      | Reached skill level 10 in Stealth
 16164 | D:8      | Found a snail-covered altar of Cheibriados.
 16176 | D:8      | Reached ** piety under Ashenzari
 17107 | D:8      | Paralysed by a hornet for 2 turns
 17111 | D:8      | Succumbed to a hornet's poison

Illustrated notes

Levels and vault maps discovered:
D:1:      giann_horns, layout_rooms, serial_shops, shop, fountainhead
D:2:      layout_basic, minmay_splitting_lines, uniq_terence
D:3:      layout_basic, okawaru_trees_2, chequers_serial_rivers_micro_a,
          uniq_crazy_yiuf_cottage, uniq_natasha
D:4:      layout_loops_corners, st_stairs_9, minmay_misc_feat_five,
          chequers_decorated_corner
D:5:      layout_gridville, serial_shops, nicolae_diamond_shop, shop, shop,
          shop, nicolae_square_shop
D:6:      layout_loops_ring, minmay_temple_entry_drinking_statues,
          uniq_eustachio
D:7:      layout_basic
D:8:      layout_loops_corners, hangedman_feature_mirror, uniq_maggie
D:9:      layout_long_grid, kennysheep_flooded_box, grunt_decor_resistance,
          uniq_maurice
Temple:   nicolae_temple_no_exploring_needed

Skill      XL: |  1  2  3  4  5  6  7  8  9 |
---------------+----------------------------+-----
Stealth        | 3 4 5 7 9 10 | 10.2
Fighting       | 1 2 3 5 |  5.8
Conjurations   | 2 3 5 |  5.3
Spellcasting   | 4 5 7 8 |  8.0
Fire Magic     | 4 5 |  5.5
Summonings     | 4 |  4.3
Dodging        | |  2.4

Action                   |  1- 3 |  4- 6 |  7- 9 || total
-------------------------+-------+-------+-------++-------
Melee: Unarmed           |     8 |       |       ||     8
       Short sword       |     3 |    20 |       ||    23
       Dagger            |       |    31 |   165 ||   196
Throw: Dart              |       |       |     2 ||     2
 Cast: Foxfire           |   108 |   119 |   132 ||   359
       Flame Wave        |       |       |    20 ||    20
Invok: Curse Item        |       |       |     3 ||     3
Evoke: Wand              |       |     1 |     2 ||     3
  Use: Scroll            |       |     3 |    18 ||    21
       Potion            |       |       |    11 ||    11
 Stab: Sleeping          |       |     1 |     5 ||     6
Armor: Robe              |     3 |    20 |    49 ||    72
       Steam dragon scal |       |       |    21 ||    21
Dodge: Dodged            |    12 |    48 |   178 ||   238

Table legend: (Time is in decaauts)
 A = Elapsed time spent in this place.
 B = Non-inter-level travel time spent in this place.
 C = Inter-level travel time spent in this place.
 D = Time resting spent in this place.
 E = Time spent auto-exploring this place.
 F = Levels seen in this place.
 G = Mean time per level.
                   A        B        C        D        E       F      G
               +--------+--------+--------+--------+--------+-----+--------+
         Total |  17206 |  16695 |    511 |   7129 |   7285 |  10 | 1720.6 |
       Dungeon |  17192 |  16688 |    504 |   7129 |   7285 |   9 | 1910.2 |
        Temple |     14 |      7 |      7 |      0 |      0 |   1 |   14.0 |
               +--------+--------+--------+--------+--------+-----+--------+

Top non-repeatable levels by time:
     D:5: 4399 daAuts
     D:6: 3588 daAuts
     D:8: 2507 daAuts
     D:4: 1817 daAuts
     D:7: 1400 daAuts
     D:2: 1213 daAuts
     D:1: 1133 daAuts
     D:3: 1118 daAuts
  Temple: 14 daAuts
     D:9: 13 daAuts
